 Dungeon Crawl Stone Soup version 0.27-a0-1193-g8631133539 (webtiles) character file.

Game seed: 12962682536113846204

1949 bobarctor the Thaumaturge (level 8, -3/43 HPs)
             Began as a Deep Elf Necromancer on May 26, 2021.
             Was a Believer of Okawaru.
             Succumbed to an orc warrior's poison
             ... on level 8 of the Dungeon.
             The game lasted 00:28:03 (6973 turns).

bobarctor the Thaumaturge (Deep Elf Necromancer)    Turns: 6973, Time: 00:28:04

Health: -3/43      AC:  6    Str:  5    XL:     8   Next: 99%
Magic:  11/25      EV: 13    Int: 29    God:    Okawaru [**....]
Gold:   190        SH:  0    Dex: 15    Spells: 10/30 levels left

rFire    + + .     SeeInvis .   n - +5 short sword (flame)
rCold    + . .     Faith    .   (no shield)
rNeg     . . .     Spirit   .   a - +0 robe
rPois    +         Reflect  .   p - +0 helmet
rElec    +         Harm     .   e - +1 cloak
rCorr    +         Rampage  .   (no gloves)
Will     .....                  k - +0 pair of boots
Stlth    ++........             m - amulet of the acrobat
HPRegen  0.14/turn              d - +6 ring of intelligence
MPRegen  0.19/turn              c - ring of protection from fire

@: lethally poisoned (-3 -> -26), resistant
A: no striking features
a: Renounce Religion, Heroism


You were on level 8 of the Dungeon.
You worshipped Okawaru.
Okawaru was pleased with you.
You visited 2 branches of the dungeon, and saw 7 of its levels.

You collected 190 gold pieces.

Inventory:

Hand Weapons
 f - a +0 vorpal whip
 n - a +5 short sword of flaming (weapon)
 w - a +0 hand crossbow
Missiles
 b - 170 stones (quivered)
 h - 7 boomerangs
 q - 41 bolts
Armour
 a - a +0 robe (worn)
 e - a +1 cloak (worn)
 k - a +0 pair of boots (worn)
 p - a +0 helmet (worn)
Jewellery
 c - a ring of protection from fire (right hand)
 d - a +6 ring of intelligence (left hand)
 m - an amulet of the acrobat (around neck)
Wands
 l - a wand of iceblast (18)
 t - a wand of flame (19)
Scrolls
 s - a scroll of fog
 v - a scroll of magic mapping {unknown}
Potions
 i - a potion of berserk rage
 j - 2 potions of flight
 o - a potion of ambrosia
 r - a potion of mutation {unknown}
 u - 2 potions of lignification {unknown}


   Skills:
 + Level 1.0 Fighting
 - Level 0.6 Maces & Flails
 + Level 3.1 Dodging
 + Level 3.2 Stealth
 * Level 11.7 Spellcasting
 + Level 8.8 Necromancy
 * Level 3.1 Invocations


You had 10 spell levels left.
You knew the following spells:

 Your Spells              Type           Power      Damage    Failure   Level
a - Pain                  Necr           100%       1d9       1%          1
b - Animate Skeleton      Necr           100%       N/A       1%          1
c - Vampiric Draining     Necr           31%        2d10      1%          3
d - Sublimation of Blood  Necr           31%        N/A       1%          2
e - Dispel Undead         Necr           62%        3d22      1%          4
f - Animate Dead          Necr           31%        N/A       1%          4
g - Agony                 Necr           62%        N/A       2%          5

Your spell library contained the following spells:

 Spells                   Type           Power      Damage    Failure   Level
 Corpse Rot               Necr/Air       N/A        N/A       1%          2
 Excruciating Wounds      Necr           31%        N/A       2%          5


Dungeon Overview and Level Annotations

Branches:
Dungeon (5/15)             Temple (1/1) D:4            Lair (0/6) D:8

Altars:
Cheibriados
Dithmenos
Elyvilon
Fedhas
Gozag
Makhleb
Nemelex Xobeh
Okawaru
Qazlal
Trog
Uskayaw
Vehumet
Wu Jian
Xom
Yredelemnul
Zin
The Shining One


Message History

Aim: an orc warrior, wielding a +1 halberd of venom and wearing a +0 chain mail (moderately wounded)
You draw life force from the orc warrior.
You feel life coursing into your body.
You feel very sick.
The orc warrior hits you with a +1 halberd of venom!
You are lethally poisoned!
Casting: Vampiric Draining (safe; 1% risk of failure)
Confirm with . or Enter, or press ? or * to list all spells.
Aiming: Vampiric Draining (safe; 1% risk of failure)
Press: ? - help, Shift-Dir - straight line, f/p - orc warrior
Aim: an orc warrior, wielding a +1 halberd of venom and wearing a +0 chain mail (heavily wounded)
You draw life force from the orc warrior.
You feel life coursing into your body.
* * * LOW HITPOINT WARNING * * *
You feel very sick. The orc warrior barely misses you.
Casting: Vampiric Draining (safe; 1% risk of failure)
Confirm with . or Enter, or press ? or * to list all spells.
Aiming: Vampiric Draining (safe; 1% risk of failure)
Press: ? - help, Shift-Dir - straight line, f/p - orc warrior
Aim: an orc warrior, wielding a +1 halberd of venom and wearing a +0 chain mail (heavily wounded)
You draw life force from the orc warrior!
You feel life coursing into your body!
You feel very sick.
The orc warrior hits you with a +1 halberd of venom!
* * * LOW HITPOINT WARNING * * *
You are more poisoned.
Casting: Vampiric Draining (safe; 1% risk of failure)
Confirm with . or Enter, or press ? or * to list all spells.
Aiming: Vampiric Draining (safe; 1% risk of failure)
Press: ? - help, Shift-Dir - straight line, f/p - orc warrior
Aim: an orc warrior, wielding a +1 halberd of venom and wearing a +0 chain mail (almost dead)
You draw life force from the orc warrior!
You kill the orc warrior!
Okawaru accepts your kill.
You feel life coursing into your body.
* * * LOW HITPOINT WARNING * * *
You feel extremely sick.
You feel protected.
You die...

#.. #.## #.#
#..##).####.#
#...........#
..#...P.P.....#########
#....P.PPP..P.........#
....P.P.......#####.###
...PPP.P...P.PP# #)#
...P..####.....####.#
...P.P#.)@...P......#
..P...#>"#..P...#####
#P.P.P####..PP.##
#P.............#
#..P.P...P.P..##
P..P.P.P...#
.....P.....#
........##.######
...#............#


There were no monsters in sight!

Vanquished Creatures
  A two-headed ogre (D:8)
  An orc warrior (D:8)
  A black bear (D:8)
  2 necrophages
  2 ogres (D:4)
  A phantom (D:4)
  A wyvern zombie (D:8)
  2 bullfrogs
  3 scorpions
  A water moccasin skeleton (D:5)
  A jelly (D:4)
  A hound (D:5)
  A centaur skeleton (D:4)
  Ijyb (D:5)
  Terence (D:2)
  An iguana (D:4)
  Robin (D:2)
  A howler monkey zombie (D:8)
  4 adders
  A shadow imp (D:5)
  2 ufetubi
  A worm (D:2)
  2 orcs (D:3)
  8 ball pythons
  6 endoplasms
  2 giant cockroaches (D:1)
  15 goblins
  11 hobgoblins
  3 jackals (D:4)
  3 quokkas
  5 bats
  2 frilled lizards
  4 kobolds
  5 rats
97 creatures vanquished.

Vanquished Creatures (collateral kills)
  A kobold (D:4)
1 creature vanquished.

Vanquished Creatures (others)
  4 fungi (D:8)
  12 plants (D:8)
16 creatures vanquished.

Grand Total: 114 creatures vanquished

Notes
Turn   | Place    | Note
-------+----------+-------------------------------------------
     0 | D:1      | bobarctor the Deep Elf Necromancer began the quest for the
                  | Orb.
     0 | D:1      | Reached XP level 1. HP: 10/10 MP: 6/6
   221 | D:1      | Reached skill level 5 in Necromancy
   349 | D:1      | Learned a level 1 spell: Animate Skeleton
   583 | D:1      | Reached XP level 2. HP: 14/15 MP: 6/8
  1486 | D:2      | Reached XP level 3. HP: 18/19 MP: 8/10
  1490 | D:2      | Learned a level 3 spell: Vampiric Draining
  1554 | D:2      | Reached skill level 4 in Spellcasting
  1901 | D:2      | Found a hide-covered altar of Uskayaw.
  2014 | D:2      | Found a faded altar of an unknown god.
  2134 | D:2      | Learned a level 2 spell: Sublimation of Blood
  2147 | D:2      | Noticed Robin
  2569 | D:2      | Noticed Terence
  2575 | D:2      | Killed Terence
  2576 | D:2      | Reached skill level 5 in Spellcasting
  2576 | D:2      | Reached XP level 4. HP: 19/24 MP: 8/13
  2635 | D:2      | Learned a level 4 spell: Dispel Undead
  2793 | D:2      | Killed Robin
  4070 | D:4      | Reached XP level 5. HP: 24/28 MP: 10/15
  4117 | D:4      | Noticed an ogre
  4125 | D:4      | Killed an ogre
  4126 | D:4      | Reached skill level 6 in Spellcasting
  4456 | D:4      | Reached skill level 7 in Spellcasting
  4456 | D:4      | Reached XP level 6. HP: 10/32 MP: 5/18
  5037 | D:4      | Found a staircase to the Ecumenical Temple.
  5053 | Temple   | Entered the Ecumenical Temple
  5286 | D:4      | Reached skill level 8 in Spellcasting
  5286 | D:4      | Reached XP level 7. HP: 31/36 MP: 13/20
  5571 | D:4      | Found an iron altar of Okawaru.
  5578 | D:4      | Became a worshipper of Warmaster Okawaru
  6089 | D:5      | Entered Level 5 of the Dungeon
  6202 | D:5      | Reached skill level 9 in Spellcasting
  6202 | D:5      | Reached skill level 1 in Invocations
  6349 | D:5      | Noticed Ijyb
  6356 | D:5      | Killed Ijyb
  6467 | D:5      | You fall into a shaft and drop 3 floors!
  6468 | D:8      | Noticed a yak
  6556 | D:8      | Noticed a two-headed ogre
  6565 | D:8      | Reached XP level 8. HP: 36/41 MP: 17/23
  6573 | D:8      | Reached * piety under Okawaru
  6586 | D:8      | Reached skill level 10 in Spellcasting
  6713 | D:8      | Learned a level 4 spell: Animate Dead
  6719 | D:8      | Learned a level 5 spell: Agony
  6743 | D:8      | Killed a two-headed ogre
  6743 | D:8      | Reached ** piety under Okawaru
  6744 | D:8      | Reached skill level 11 in Spellcasting
  6891 | D:8      | Reached skill level 1 in Fighting
  6964 | D:8      | Found a staircase to the Lair.
  6972 | D:8      | HP: 2/43 [poisoned by an orc warrior]
  6973 | D:8      | Succumbed to an orc warrior's poison

Illustrated notes

Levels and vault maps discovered:
D:1:      dpeg_arrival_more_subterranean_lakeside_camping, layout_loops_ring
D:2:      layout_basic, hellmonk_ecumenical_altar_run_dry, basic_altar,
          uniq_terence, uniq_robin
D:3:      layout_loops_ring
D:4:      layout_loops_ring, old_standard_altar,
          minmay_temple_entry_glassed_door
D:5:      layout_rooms, lemuel_coloured_pillars_altar,
          minmay_misc_feat_ornament, uniq_ijyb, uniq_crazy_yiuf_cottage
D:8:      nzn_winding_woodlands_large [nzn_winding_woodlands_5x5_default,
          nzn_winding_woodlands_5x15_eye, nzn_winding_woodlands_5x5_perimeter,
          nzn_winding_woodlands_center_diamonds,
          nzn_winding_woodlands_15x15_thick_spiral,
          nzn_winding_woodlands_center_garden, nzn_winding_woodlands_5x5_three,
          nzn_winding_woodlands_5x15_crooked,
          nzn_winding_woodlands_5x5_checkerboard], layout_basic,
          grunt_temple_overflow_open, grunt_lair_entry_orc_guard_hut,
          serial_shops, nicolae_shop_crystal, nicolae_shop_statue_plus,
          nicolae_shop_trees, st_stairs_11, minmay_crossroads
Temple:   compressed_dpeg_circular_temple

Skill      XL: |  1  2  3  4  5  6  7  8 |
---------------+-------------------------+-----
Necromancy     | 5 6 7 8 |  8.8
Spellcasting   | 5 7 8 9 11 | 11.7
Stealth        | 3 |  3.2
Invocations    | 1 3 |  3.1
Dodging        | 3 |  3.1
Fighting       | 1 |  1.0
Maces & Flails | |  0.6

Action                   |  1- 3 |  4- 6 |  7- 9 || total
-------------------------+-------+-------+-------++-------
Melee: Club              |     3 |       |       ||     3
       Whip              |     2 |       |       ||     2
       Short sword       |       |     6 |    20 ||    26
Throw: Stone             |       |       |     1 ||     1
 Cast: Pain              |    77 |    84 |    27 ||   188
       Vampiric Draining |     3 |     5 |    13 ||    21
       Animate Skeleton  |       |     2 |     2 ||     4
       Dispel Undead     |       |     2 |     8 ||    10
       Animate Dead      |       |       |     1 ||     1
  Use: Scroll            |       |    10 |       ||    10
       Potion            |       |       |     1 ||     1
Armor: Robe              |     7 |    17 |    11 ||    35
Dodge: Dodged            |    13 |    28 |    33 ||    74

Table legend: (Time is in decaauts)
 A = Elapsed time spent in this place.
 B = Non-inter-level travel time spent in this place.
 C = Inter-level travel time spent in this place.
 D = Time resting spent in this place.
 E = Time spent auto-exploring this place.
 F = Levels seen in this place.
 G = Mean time per level.
                   A        B        C        D        E       F      G
               +--------+--------+--------+--------+--------+-----+--------+
         Total |   6974 |   6844 |    130 |   2597 |   3283 |   7 |  996.3 |
       Dungeon |   6795 |   6665 |    130 |   2597 |   3283 |   6 | 1132.5 |
        Temple |    178 |    178 |      0 |      0 |      0 |   1 |  178.0 |
               +--------+--------+--------+--------+--------+-----+--------+

Top non-repeatable levels by time:
     D:4: 1848 daAuts
     D:2: 1767 daAuts
     D:1: 1444 daAuts
     D:3: 850 daAuts
     D:8: 506 daAuts
     D:5: 378 daAuts
  Temple: 178 daAuts
